 Dungeon Crawl Stone Soup version 0.31.0-9-g3a7656b989 (webtiles) character file.

Game seed: 14104511856115018016

107 qw the Skirmisher (level 4, -3/25 HPs)
             Began as a Deep Elf Hunter on Feb 2, 2024.
             Slain by Ijyb
             ... wielding a +0 club
              (4 damage)
             ... on level 3 of the Dungeon.
             The game lasted 00:00:10 (1850 turns).

qw the Skirmisher (Deep Elf Hunter)                 Turns: 1850, Time: 00:00:10

Health: -3/25      AC:  3    Str: 10    XL:     4   Next: 57%
Magic:  6/6        EV: 12    Int: 14    God:
Gold:   155        SH:  0    Dex: 18    Spells: 3/3 levels left

rFire   . . .        a - +1 shortbow
rCold   . . .        (shield currently unavailable)
rNeg    . . .        c - +0 leather armour
rPois   .            (no helmet)
rElec   .            (no cloak)
rCorr   .            (no gloves)
SInv    .            (no boots)
Will    .....        (no amulet)
Stlth   +            (no ring)
HPRegen 0.24/turn    (no ring)
MPRegen 0.10/turn

%: no passive effects
@: confused
A: no striking features
a: no special abilities


You were on level 3 of the Dungeon.
You visited 1 branch of the dungeon, and saw 3 of its levels.

You collected 155 gold pieces.


   Skills:
 - Level 1.5 Fighting
 + Level 8.0 Ranged Weapons
 - Level 2.4 Dodging
 - Level 1.2 Stealth


You had 3 spell levels left.
You didn't know any spells.
Your spell library was empty.

Inventory:

Hand Weapons
 a - a +1 shortbow (weapon)
Armour
 c - a +0 leather armour (worn)
 i - a +0 ring mail
Scrolls
 d - a scroll of silence {unknown}
 f - 2 scrolls of teleportation
Potions
 b - a potion of might {unknown}
 g - a potion of invisibility {unknown}
 h - 2 potions of mutation {unknown}
 j - a potion of heal wounds {unknown}
 k - a potion of brilliance {unknown}
 l - a potion of attraction {unknown}

Dungeon Overview and Level Annotations

Branches:
Dungeon (3/15)

Altars:

Annotations:
D:3 Ijyb


Message History

Ijyb zaps a wand.
Your will is overpowered!
You are more confused.
Ijyb zaps a wand.
You resist with some effort.
Ijyb screams, "You nasty!
Big nasty!"
Ijyb zaps a wand.
You resist with some effort.
Ijyb zaps a wand.
Your will is overpowered!
You are more confused.
Ijyb zaps a wand.
You resist with some effort.
Ijyb zaps a wand.
You resist with some effort.
Ijyb zaps a wand.
Your will is overpowered!
You are more confused.
Ijyb misses you. Ijyb hits you with a +0 club. Ijyb hits you with a +0 club.
Ijyb hits you with a +0 club.
Ijyb zaps a wand.
Your will is overpowered!
You are more confused.
Ijyb hits you with a +0 club. Ijyb hits you with a +0 club. Ijyb misses you.
Ijyb hits you with a +0 club. Ijyb screams, "I dance on your bones!"
Ijyb zaps a wand.
Your will is overpowered!
You are more confused.
Ijyb closely misses you. Ijyb hits you with a +0 club.
Ijyb zaps a wand.
You resist with some effort.
Ijyb zaps a wand.
You resist with some effort. Ijyb closely misses you. Ijyb barely misses you.
Ijyb closely misses you. Ijyb completely misses you.
Ijyb zaps a wand.
Your will is overpowered!
You are more confused.
Ijyb closely misses you.
Ijyb zaps a wand.
You resist with some effort. Ijyb closely misses you.
Ijyb hits you with a +0 club. Ijyb hits you with a +0 club.
You die...

#....##..#
####.#######....)....
#......##..##..##....
#....(.#....'#####..#
#......#....##...##'#
#......##..##.....##.
#......##'##.......%)
#...g.##.)##...8...##
#@##....'.......##
#.##..).##.....##.
#.###..#'##.).##..
#.# ####..#####'..
#.# #....##..##. #.#
#....'....## #.#
##..##....## #.##
######..### ##..####
##)#..


You could see Ijyb.

Vanquished Creatures
  3 adders
  3 ribbon worms
  An orc (D:3)
  12 endoplasms
  4 giant cockroaches
  7 goblins
  A hobgoblin (D:2)
  4 jackals (D:1)
  2 quokkas (D:1)
  3 ball pythons (D:1)
  8 bats
  8 frilled lizards
  7 kobolds
  5 rats
68 creatures vanquished.

Notes
Turn   | Place    | Note
-------+----------+-------------------------------------------
     0 | D:1      | qw the Deep Elf Hunter began the quest for the Orb.
     0 | D:1      | Reached XP level 1. HP: 12/12 MP: 3/3
     0 | D:1      | 0 ||| qw: Version: 0.3-a-155-g5e7d8dd
     0 | D:1      | 0 ||| qw: Game counter: 553
     0 | D:1      | 0 ||| qw: Melee chars always use a shield: true
     0 | D:1      | 0 ||| qw: God list: Okawaru
     0 | D:1      | 0 ||| qw: Allow faded altars: false
     0 | D:1      | 0 ||| qw: Do Orc after clearing Dungeon:15 true
     0 | D:1      | 0 ||| qw: Do second Lair branch before Depths: true
     0 | D:1      | 0 ||| qw: Lair rune preference: random
     0 | D:1      | 0 ||| qw: Goals: Normal
     0 | D:1      | 0 ||| PLANNING D:1-11
   108 | D:1      | Reached skill level 6 in Ranged Weapons
   108 | D:1      | Reached XP level 2. HP: 16/16 MP: 4/4
   363 | D:1      | 363 ||| RETREEEEATING.
   366 | D:1      | 366 ||| RETREEEEATING.
   381 | D:1      | Reached XP level 3. HP: 12/20 MP: 5/5
   827 | D:1      | 827 ||| READING scroll labelled CUPHARA VEULL.
   828 | D:1      | 828 ||| READING scroll labelled BOCE KIC DINUE.
   829 | D:1      | 829 ||| READING scroll labelled IRCHUU EROXIL.
   832 | D:1      | 832 ||| DROPPING scroll of butterflies.
   847 | D:2      | 847 ||| STAIRDANCE
   855 | D:1      | Reached skill level 7 in Ranged Weapons
   922 | D:2      | 922 ||| STAIRDANCE
   944 | D:2      | HP: 4/20 [kobold/+0 short sword (3)]
  1110 | D:2      | You fall into a shaft and drop 1 floor!
  1117 | D:3      | 1117 ||| READING scroll labelled NAATEUDYRI.
  1117 | D:3      | 1117 ||| IDENTIFYING white potion
  1122 | D:3      | 1122 ||| FLEEEEING.
  1123 | D:3      | 1123 ||| FLEEEEING.
  1124 | D:3      | 1124 ||| FLEEEEING.
  1125 | D:3      | 1125 ||| FLEEEEING.
  1126 | D:3      | 1126 ||| STAIRDANCE
  1307 | D:2      | Reached XP level 4. HP: 25/25 MP: 6/6
  1362 | D:2      | 1362 ||| READING scroll labelled OCLAR JEWKEBB.
  1362 | D:2      | 1362 ||| ENCHANTING +0 shortbow.
  1363 | D:2      | 1363 ||| READING scroll labelled NESTRUL VAFFUCE.
  1364 | D:2      | 1364 ||| READING scroll labelled BEC RIRUCALAS.
  1366 | D:2      | 1366 ||| Stepping ~*~*~tactically~*~*~ (cloud).
  1370 | D:2      | HP: 6/25 [poisoned by you (poison gas)]
  1375 | D:2      | HP: 2/25 [poisoned by you (poison gas)]
  1747 | D:3      | Reached skill level 8 in Ranged Weapons
  1810 | D:3      | Noticed Ijyb
  1813 | D:3      | 1813 ||| DRINKING potion of curing.
  1813 | D:3      | 1813 ||| (to cure confusion)
  1835 | D:3      | HP: 6/25 [Ijyb/+0 club (4)]
  1849 | D:3      | HP: 1/25 [Ijyb/+0 club (5)]
  1850 | D:3      | Slain by Ijyb

Levels and vault maps discovered:
D:1:      zelgadis_glass_arrival_small, layout_basic, minmay_distorted
D:2:      layout_rooms
D:3:      minmay_bubble_buster, layout_rooms, uniq_ijyb

Skill      XL: |  1  2  3  4 |
---------------+-------------+-----
Ranged Weapons | 6 7 8 |  8.0
Fighting       | |  1.5
Dodging        | |  2.4
Stealth        | |  1.2

Action                     |  1- 3 |  4- 6 || total
---------------------------+-------+-------++-------
   Fire: Shortbow          |   143 |    63 ||   206
    Use: Scroll            |     4 |     3 ||     7
         Potion            |       |     1 ||     1
 Armour: Leather armour    |    41 |    17 ||    58
  Dodge: Dodged            |    58 |    18 ||    76

Table legend:
 A = Non-vault XP
 B = Vault XP
 C = Vault XP percentage of total XP
 D = Non-vault monster count
 E = Vault monster count
 F = Vault count percentage of total count
                 A         B        C        D         E       F
            +---------+---------+-------+---------+---------+-------
      Total |     111 |      43 |  27.9 |      51 |      17 |  25.0
            +---------+---------+-------+---------+---------+-------
        D:1 |      62 |       2 |   3.1 |      32 |       1 |   3.0
        D:2 |      39 |       0 |   0.0 |      15 |       0 |   0.0
        D:3 |      10 |      41 |  80.4 |       4 |      16 |  80.0
            +---------+---------+-------+---------+---------+-------
